 Dungeon Sprint DCSS version 0.29-a0-542-g075992c915 (webtiles) character file.

Game seed: 14604378535202223186

28752 mhtbhm the Shatterer (level 13, -1/154 HPs)
             Began as a Troll Berserker on June 4, 2022.
             Was the Champion of Trog.
             Succumbed to nagaraja's concentrated venom
             ... in the Dungeon (Sprint IX: "|||||||||||||||||||||||||||||").
             The game lasted 00:07:56 (2555 turns).

mhtbhm the Shatterer (Troll Berserker)              Turns: 2555, Time: 00:07:57

Health: -1/154     AC:  9    Str: 32    XL:     13   Next: 11%
Magic:  12/12      EV: 15    Int:  3    God:    Trog [******]
Gold:   1318       SH:  0    Dex:  9    Spells: 12/12 levels left

rFire   . . .      SeeInvis +   a - +4 giant spiked club (vorpal)
rCold   + . .      Faith    .   (shield currently unavailable)
rNeg    . . .      Spirit   .   b - +2 robe {rC+}
rPois   .          Reflect  .   w - +2 hat {Stlth+}
rElec   .          Harm     .   q - +0 cloak
rCorr   .          Rampage  .   (gloves unavailable)
Will    .....      NoTele   +   (boots unavailable)
Stlth   +++.......              (no amulet)
HPRegen 1.15/turn               y - ring of see invisible
MPRegen 0.13/turn               l - +2 ring of evasion

@: lethally poisoned (-1 -> -13), on berserk cooldown, slowed, very slow
A: large, unfitting armour, claws 3, regeneration 1, shaggy fur 1, tough skin 1
a: Renounce Religion, Berserk, Trog's Hand, Brothers in Arms


You were in the Dungeon.
You worshipped Trog.
Trog was exalted by your worship.
You visited 1 branch You collected 1911 gold pieces.
You spent 593 gold pieces at shops.

Inventory:

Hand Weapons
 a - a +4 vorpal giant spiked club (weapon)
 u - the +1 giant spiked club of the Asp {vorpal, rN++ Str+3}
   (Trog gifted it to you in the Dungeon)

   It inflicts extra damage upon your enemies.
   Str:       It affects your strength (+3).
   rN:        It greatly protects you from negative energy.
Armour
 b - a +2 robe of cold resistance (worn)
 q - a +0 cloak (worn)
 w - a +2 hat of stealth (worn)
Jewellery
 l - a +2 ring of evasion (right claw)
 x - a ring of protection from cold
 y - a ring of see invisible (left claw)
 z - a ring of protection from cold
 A - a ring of willpower
Wands
 v - a wand of polymorph (7)
Scrolls
 e - a scroll of enchant weapon
 h - 2 scrolls of blinking
 n - 5 scrolls of identify
 C - 2 scrolls of enchant armour
Potions
 c - 9 potions of curing
 f - 4 potions of magic
 g - 2 potions of berserk rage
 i - 8 potions of heal wounds
 m - 3 potions of might
 p - a potion of flight
 s - a potion of lignification
 t - a potion of attraction
 B - a potion of mutation


   Skills:
 + Level 16.9 Fighting
 + Level 21.7 Maces & Flails
 + Level 13.7 Dodging
 + Level 2.7 Stealth
 + Level 3.4 Evocations


You had 12 spell levels left.
You didn't know any spells.
Your spell library was empty.

Dungeon Overview and Level Annotations

Branches:
Dungeon (1/1)

Altars:
Cheibriados
Dithmenos
Elyvilon
Fedhas
Gozag
Hepliaklqana
Kikubaaqudgha
Makhleb
Nemelex Xobeh
Okawaru
Qazlal
Ru
Sif Muna
Trog
Uskayaw
Vehumet
Wu Jian
Xom
Yredelemnul
Zin
The Shining One
Beogh
Jiyva
Lugonu

Shops:
D (?:


Innate Abilities, Weirdness & Mutations

You are too large for most types of armour.
You have claws for hands.
Your natural rate of healing is unusually fast.
You are covered in fur. (AC +1)
You have tough skin. (AC +1)


Message History

The glowing orange brain is severely wounded.
The naga mage casts a spell.
The naga mage seems to speed up.
The glowing orange brain pulsates.
You bludgeon the glowing orange brain!!
You kill the glowing orange brain!
Trog accepts your kill.
The endoplasm dissolves into shadows!
The naga mage points at the naga mage and mumbles some strange words.
The naga mage seems to grow toxic.
The nagaraja points at you and mumbles some strange words.
The bolt of poison hits you!!
You are poisoned.
You feel very sick.
The nagaraja is no longer moving quickly.
The nagaraja spits poison at you. The splash of poison hits you!
You are more poisoned.
You have difficulty breathing.
You feel as though you will be slow longer.
The nagaraja hits you with a +0 flail!!
* * * LOW HITPOINT WARNING * * *
The nagaraja grabs you. The nagaraja constricts you.
* * * LOW HITPOINT WARNING * * *
The nagaraja hits you with a +0 flail!
* * * LOW HITPOINT WARNING * * *
The nagaraja constricts you!
* * * LOW HITPOINT WARNING * * *
What are your orders? t - Shout!
Orders for allies: a - Attack new target. r - Retreat! s - Stop attacking. g - Guard the area. f - Follow me.
Anything else - Cancel.
Okay, then.
Blink to where?
Press: ? - help, Dir - move target You escape the nagaraja's grasp.
As you read the scroll of blinking, it crumbles to dust.
You die...

▓......))....)'[)))))
▓▓▓▓▓▓▓▓▓▓▓▓▓▓▓▓▓▓▓▓▓
▓....................
▓.▓▓▓▓▓▓▓▓▓▓▓▓▓▓▓▓▓▓▓
▓.........'.....)))))
▓▓▓▓▓▓▓▓▓▓▓▓▓▓▓▓▓▓▓▓▓
▓....................
▓.▓▓▓▓▓▓▓▓▓▓▓▓▓▓▓▓▓▓▓
▓...@......§NN.N').NN
▓▓▓▓▓▓▓▓▓▓▓▓▓▓▓▓▓▓▓▓▓


There were no monsters in sight!

Vanquished Creatures
  A lich (D)
  Gastronok (D)
  A frost giant (D)
  3 dire elephants (D)
  2 ettins (D)
  A fire dragon (D)
  Erolcha (D)
  3 hydras (D)
  A two-headed ogre (D)
  An anaconda (D)
  A death knight (D)
  A centaur warrior (D)
  A deep troll earth mage (D)
  A tengu warrior (D)
  An orc high priest (D)
  A vampire mage (D)
  A glowing orange brain (D)
  2 ugly things (D)
  3 orc knights (D)
  3 orc sorcerers (D)
  A guardian serpent (D)
  2 black mambas (D)
  A naga mage (D)
  A gargoyle (D)
  6 elephants (D)
  3 cane toads (D)
  A komodo dragon (D)
  A troll (D)
  A raiju (shapeshifter) (D)
  A blink frog (D)
  A shadow (D)
  3 yaks (D)
  A vampire mosquito (D)
  5 water moccasins (D)
  7 orc warriors (D)
  A bullfrog (D)
  A scorpion (D)
  A killer bee (D)
  3 orc priests (D)
  2 iguanas (D)
  8 orc wizards (D)
  2 adders (D)
  7 orcs (D)
  A ball python (D)
  A hobgoblin (D)
  A ball python simulacrum (D)
  A bat (D)
  A kobold (D)
  A rat (D)
96 creatures vanquished.

Vanquished Creatures (collateral kills)
  A hydra (D)
  A salamander mystic (D)
  2 orc sorcerers (D)
  An ugly thing (D)
  2 tengu conjurers (D)
  A basilisk (D)
  3 orc warriors (D)
  An orc wizard (D)
  An orc (D)
13 creatures vanquished.

Grand Total: 109 creatures vanquished

Notes
Turn   | Place    | Note
-------+----------+-------------------------------------------
     0 | D        | mhtbhm the Troll Berserker began the quest for the Orb.
     0 | D        | Reached XP level 1. HP: 22/22 MP: 0/0
     1 | D        | Banished a spatial maelstrom
    17 | D        | Reached ** piety under Trog
    18 | D        | Reached skill level 3 in Maces & Flails
    31 | D        | Noticed an iguana
    31 | D        | Noticed a scorpion
    31 | D        | Noticed an iguana
    35 | D        | Killed an iguana
    36 | D        | Reached skill level 4 in Maces & Flails
    36 | D        | Reached XP level 2. HP: 32/32 MP: 1/1
    36 | D        | Reached XP level 3. HP: 39/39 MP: 2/2
    40 | D        | Killed a scorpion
    40 | D        | Reached *** piety under Trog
    41 | D        | Reached skill level 5 in Maces & Flails
    41 | D        | Reached XP level 4. HP: 49/49 MP: 3/3
    60 | D        | Reached skill level 5 in Fighting
    60 | D        | Reached skill level 6 in Maces & Flails
    60 | D        | Reached skill level 5 in Dodging
    89 | D        | Found a snail-covered altar of Cheibriados.
    89 | D        | Found a shadowy altar of Dithmenos.
    89 | D        | Found a white marble altar of Elyvilon.
    89 | D        | Found a blossoming altar of Fedhas.
    89 | D        | Found an opulent altar of Gozag.
    90 | D        | Found a hazy altar of Hepliaklqana.
    91 | D        | Found a viscous altar of Jiyva.
    92 | D        | Found an ancient bone altar of Kikubaaqudgha.
    93 | D        | Found a corrupted altar of Lugonu.
    94 | D        | Found a burning altar of Makhleb.
    95 | D        | Found a sparkling altar of Nemelex Xobeh.
    96 | D        | Found an iron altar of Okawaru.
    97 | D        | Found a stormy altar of Qazlal.
    98 | D        | Found a sacrificial altar of Ru.
    99 | D        | Found a shimmering blue altar of Sif Muna.
   100 | D        | Found a bloodstained altar of Trog.
   101 | D        | Found a hide-covered altar of Uskayaw.
   102 | D        | Found a radiant altar of Vehumet.
   103 | D        | Found an ornate altar of the Wu Jian Council.
   104 | D        | Found a shimmering altar of Xom.
   105 | D        | Found a basalt altar of Yredelemnul.
   106 | D        | Found a glowing silver altar of Zin.
   107 | D        | Found a glowing golden altar of the Shining One.
   136 | D        | Noticed a shadow
   136 | D        | Noticed a troll
   136 | D        | Noticed a gargoyle
   136 | D        | Noticed a vampire mosquito
   136 | D        | Noticed an orc warrior
   139 | D        | Killed a shadow
   139 | D        | Reached **** piety under Trog
   140 | D        | Reached skill level 8 in Maces & Flails
   140 | D        | Reached XP level 5. HP: 61/61 MP: 4/4
   140 | D        | Reached XP level 6. HP: 68/68 MP: 5/5
   141 | D        | Killed a troll
   142 | D        | Reached skill level 9 in Maces & Flails
   145 | D        | Reached XP level 7. HP: 78/78 MP: 6/6
   148 | D        | Killed a gargoyle
   149 | D        | Reached skill level 10 in Maces & Flails
   150 | D        | Killed a vampire mosquito
   152 | D        | Reached ***** piety under Trog
   153 | D        | Reached XP level 8. HP: 91/91 MP: 7/7
   242 | D        | Noticed a four-headed hydra
   242 | D        | Noticed a two-headed ogre
   242 | D        | Noticed a brown ugly thing
   242 | D        | Noticed a tengu conjurer
   242 | D        | Noticed a six-headed hydra
   242 | D        | Noticed a red ugly thing
   247 | D        | Killed a four-headed hydra
   248 | D        | Reached skill level 12 in Maces & Flails
   250 | D        | Killed a two-headed ogre
   251 | D        | Reached skill level 10 in Fighting
   251 | D        | Reached XP level 9. HP: 70/101 MP: 8/8
   258 | D        | Killed a brown ugly thing
   259 | D        | Reached skill level 13 in Maces & Flails
   291 | D        | Killed a five-headed hydra
   292 | D        | Reached skill level 14 in Maces & Flails
   293 | D        | Killed a tengu conjurer
   293 | D        | Received a gift from Trog
   294 | D        | Reached skill level 10 in Dodging
   296 | D        | Killed a red ugly thing
   547 | D        | Noticed a cane toad
   547 | D        | Noticed a seven-headed hydra
   547 | D        | Noticed a cane toad
   552 | D        | Killed a cane toad
   553 | D        | Reached XP level 10. HP: 114/114 MP: 9/9
   557 | D        | Killed a seven-headed hydra
   558 | D        | Reached skill level 15 in Maces & Flails
   562 | D        | Received a gift from Trog
   635 | D        | Killed a cane toad
   673 | D        | Noticed a black mamba
   673 | D        | Noticed a cane toad
   673 | D        | Noticed an elephant
   683 | D        | Killed a black mamba
   684 | D        | Reached skill level 16 in Maces & Flails
   686 | D        | Killed a cane toad
   687 | D        | Noticed a five-headed hydra
   691 | D        | Killed an elephant
   702 | D        | Reached ****** piety under Trog
   888 | D        | Killed a five-headed hydra
   889 | D        | Reached skill level 17 in Maces & Flails
   889 | D        | Reached XP level 11. HP: 126/126 MP: 10/10
   893 | D        | Received a gift from Trog
   938 | D        | Noticed a dire elephant
   938 | D        | Noticed a dire elephant
   944 | D        | Killed a dire elephant
   945 | D        | Reached skill level 1 in Stealth
   956 | D        | Killed a dire elephant
   969 | D        | Reached skill level 18 in Maces & Flails
  1000 | D        | Received a gift from Trog
  1004 | D        | Noticed a dire elephant
  1016 | D        | Killed a dire elephant
  1232 | D        | Noticed an orc knight
  1237 | D        | Killed an orc knight
  1251 | D        | Received a gift from Trog
  1316 | D        | Noticed an orc knight
  1323 | D        | Killed an orc knight
  1323 | D        | Identified the +8 great sword "Bixan" {vorpal, rElec Will+
                  | Stlth+} (Trog gifted it to you in the Dungeon)
  1323 | D        | Received a gift from Trog
  1324 | D        | Noticed an orc knight
  1338 | D        | Noticed an orc high priest
  1346 | D        | Killed an orc knight
  1364 | D        | Noticed a sun demon
  1367 | D        | Noticed a sixfirhy
  1592 | D        | Killed an orc high priest
  1592 | D        | Received a gift from Trog
  1593 | D        | Reached skill level 19 in Maces & Flails
  1642 | D        | Found Lops's Antique Weapon Emporium.
  1642 | D        | Noticed an orc sorcerer
  1644 | D        | Noticed an orc sorcerer
  1647 | D        | Killed an orc sorcerer
  1655 | D        | Found Jasewn's Magic Scroll Shoppe.
  1657 | D        | Paralysed by an orc sorcerer for 4 turns
  1663 | D        | Killed an orc sorcerer
  1663 | D        | Received a gift from Trog
  1664 | D        | Reached XP level 12. HP: 96/140 MP: 11/11
  1664 | D        | Found Jeishoruf's Book Emporium.
  1668 | D        | Received a gift from Trog
  1672 | D        | Reached skill level 15 in Fighting
  1674 | D        | Reached skill level 1 in Evocations
  1713 | D        | Found Regaupak's Distillery.
  1788 | D        | Bought a potion of curing for 33 gold pieces
  1788 | D        | Bought a potion of heal wounds for 55 gold pieces
  1788 | D        | Bought a potion of heal wounds for 55 gold pieces
  1788 | D        | Bought a potion of might for 44 gold pieces
  1788 | D        | Bought a potion of heal wounds for 55 gold pieces
  1788 | D        | Bought a potion of curing for 33 gold pieces
  1792 | D        | Bought a scroll of identify for 24 gold pieces
  1792 | D        | Bought a scroll of identify for 24 gold pieces
  1792 | D        | Bought a scroll of enchant weapon for 90 gold pieces
  1792 | D        | Bought a scroll of summoning for 114 gold pieces
  1800 | D        | Bought a potion of lignification for 33 gold pieces
  1800 | D        | Bought a potion of attraction for 33 gold pieces
  1821 | D        | Noticed Erolcha
  1829 | D        | Killed Erolcha
  1829 | D        | Identified the +1 giant spiked club of the Asp {vorpal,
                  | rN++ Str+3} (Trog gifted it to you in the Dungeon)
  1829 | D        | Received a gift from Trog
  1879 | D        | Noticed Gastronok
  1889 | D        | Killed Gastronok
  2026 | D        | Noticed a death knight
  2029 | D        | Killed a death knight
  2030 | D        | Noticed a centaur warrior
  2036 | D        | Noticed a tengu warrior
  2036 | D        | Noticed a fire dragon
  2044 | D        | Reached skill level 20 in Maces & Flails
  2046 | D        | Noticed an ettin
  2072 | D        | Killed a centaur warrior
  2072 | D        | Received a gift from Trog
  2072 | D        | Killed a tengu warrior
  2178 | D        | Killed a fire dragon
  2216 | D        | Noticed a frost giant
  2216 | D        | Noticed a vampire mage
  2228 | D        | Killed a frost giant
  2231 | D        | Killed an ettin
  2235 | D        | Killed a vampire mage
  2292 | D        | Noticed a lich
  2300 | D        | Killed a lich
  2300 | D        | Received a gift from Trog
  2301 | D        | Reached skill level 21 in Maces & Flails
  2302 | D        | Noticed a deep troll earth mage
  2311 | D        | Killed a deep troll earth mage
  2364 | D        | Noticed an ettin
  2370 | D        | Killed an ettin
  2512 | D        | Noticed an anaconda
  2520 | D        | Noticed a nagaraja
  2526 | D        | Received a gift from Trog
  2527 | D        | Reached XP level 13. HP: 154/154 MP: 12/12
  2543 | D        | Received a gift from Trog
  2554 | D        | HP: 5/154 [constriction (7)]
  2555 | D        | Succumbed to nagaraja's concentrated venom

Illustrated notes

Levels and vault maps discovered:
D:        linesprint [early_d, line_temple, items_1, d_10, items_2, lair_1,
          lair_end, items_3, orc_1, orc_end, items_4, d_15, swamp_1, shoals_1,
          snake_1, spider_1, d_20, vaults_1, items_5, swamp_end, shoals_end,
          snake_end, spider_end, vaults_end, d_27, items_6, zot_1, zot_end,
          crypt_end, forest_end, elf_end, slime_end, tomb_end, abyss_end,
          pan_hell_end]

Skill      XL: |  1  2  3  4  5  6  7  8  9 10 11 12 |
---------------+-------------------------------------+-----
Maces & Flails | 4 5 8 9 10 12 14 17 19 21 | 21.7
Fighting       | 3 4 6 7 8 10 11 12 14 16 | 16.9
Dodging        | 3 4 6 7 8 9 10 11 12 13 | 13.7
Stealth        | 2 |  2.7
Evocations     | 3 |  3.4

Action                   |  1- 3 |  4- 6 |  7- 9 | 10-12 | 13-15 || total
-------------------------+-------+-------+-------+-------+-------++-------
Melee: Mace              |    29 |    18 |       |       |       ||    47
       Morningstar       |       |     7 |    28 |    86 |       ||   121
       Punch             |       |       |       |     1 |       ||     1
       Dire flail        |       |       |       |    83 |       ||    83
       Giant spiked club |       |       |       |    62 |    12 ||    74
Invok: Berserk           |     1 |     1 |     2 |    11 |       ||    15
       Brothers in Arms  |       |       |     1 |     5 |     1 ||     7
Evoke: Wand              |       |       |       |    10 |     3 ||    13
  Use: Potion            |       |     1 |       |     3 |       ||     4
       Scroll            |       |       |     1 |     6 |     1 ||     8
Armor: Animal skin       |     8 |     6 |     2 |    14 |       ||    30
       Robe              |       |       |       |    17 |       ||    17
Dodge: Dodged            |    21 |    13 |    11 |    97 |     7 ||   149

Table legend: (Time is in decaauts)
 A = Elapsed time spent in this place.
 B = Non-inter-level travel time spent in this place.
 C = Inter-level travel time spent in this place.
 D = Time resting spent in this place.
 E = Time spent auto-exploring this place.
 F = Levels seen in this place.
 G = Mean time per level.
                   A        B        C        D        E       F      G
               +--------+--------+--------+--------+--------+-----+--------+
         Total |   2587 |   2587 |      0 |   1021 |    532 |   1 | 2587.0 |
       Dungeon |   2587 |   2587 |      0 |   1021 |    532 |   1 | 2587.0 |
               +--------+--------+--------+--------+--------+-----+--------+

Top non-repeatable levels by time:
       D: 2587 daAuts
